[Event "Titled Tuesday Blitz March 29 Early 2022"]
[White "Dronavalli, Harika"]
[Black "Pranav, V"]
[WhiteFideId "5015197"]
[BlackFideId "25060783"]
[WhiteElo "2382"]
[BlackElo "2349"]
[Result "0-1"]
[Round "05"]
[TimeControl "180+1"]
[Date "2022.03.29"]
[WhiteClock "0:00:11"]
[BlackClock "0:00:04"]

1. d4 Nf6 2. Nf3 e6 3. Bf4 c5 4. e3 cxd4 5. exd4 b6 6. Nbd2 Bb7 7. Bd3 Be7 8. h3 O-O 9. O-O d6 10. Re1 Nbd7 11. Qe2 a6 12. c3 Qc7 13. a4 Rfe8 14. Bh2 Nf8 15. Ng5 Qc6 16. Nge4 Ng6 17. Nxf6+ gxf6 18. Be4 d5 19. Bd3 Bd6 20. Nf3 Kh8 21. Qe3 Rg8 22. Qh6 Bxh2+ 23. Nxh2 f5 24. Nf3 f6 25. Nh4 Qd6 26. Nxg6+ Rxg6 27. Qe3 Rag8 28. Bf1 Bc8 29. Kh1 f4 30. Qe2 Rh6 31. a5 b5 32. Rad1 Rh4 33. Rd3 Bd7 34. b4 Rg5 35. Qf3 Be8 36. Qe2 Bf7 37. Rd2 Qf8 38. Rd3 Qh6 39. Qd1 Bh5 40. Be2 Bg6 41. Bf1 Be4 42. f3 Bf5 43. Rd2 Rg3 44. Qe2 Bxh3 45. gxh3 Rhxh3+ 46. Bxh3 Rxh3+ 47. Qh2 Qh5 48. Rf1 Qf5 49. Rg2 Rxh2+ 50. Kxh2 Qh5+ 51. Kg1 e5 52. dxe5 fxe5 53. Rff2 e4 54. fxe4 Qd1+ 55. Kh2 f3 56. Rg1 Qd3 57. exd5 Qxc3 58. Rg3 Qxb4 59. Rgxf3 Qd6+ 60. Kg1 Qxd5 61. Rf5 Qd1+ 62. Kg2 Qg4+ 63. Kf1 Qd1+ 64. Kg2 Qg4+ 65. Kh2 Qh4+ 66. Kg1 b4 67. Rf8+ Kg7 68. R8f7+ Kg6 69. R7f4 Qe7 70. Rg2+ Kh5 71. Rf3 Qe1+ 72. Kh2 Qe5+ 73. Kg1 Qe1+ 74. Kh2 Qe5+ 75. Rfg3 Kh4 76. Rg1 b3 77. Rg2 b2 78. Rg1 b1=Q 79. Rxb1 Qxg3+ 80. Kh1 Qf3+ 81. Kg1 Qe3+ 82. Kh1 Qe4+ 0-1


[Site "https://www.chess.com"]

[Event "Titled Tuesday Blitz March 29 Early 2022"]
[White "Hernandez Jimenez, Alexander Andres"]
[Black "Nozdrachev, Leonid"]
[WhiteFideId "3900452"]
[BlackFideId "24113433"]
[WhiteElo "2082"]
[BlackElo "2118"]
[Result "0-1"]
[Round "05"]
[TimeControl "180+1"]
[Date "2022.03.30"]
[WhiteClock "0:00:02"]
[BlackClock "0:00:48"]

1. e4 d6 2. d4 Nf6 3. Nc3 e5 4. Nf3 Nbd7 5. Bc4 Be7 6. O-O O-O 7. Re1 c6 8. a4 Qc7 9. Bf1 Re8 10. h3 Nf8 11. g3 Ng6 12. Bg2 Rf8 13. Be3 h6 14. Qd2 Be6 15. Rad1 Rad8 16. Qc1 Qa5 17. Nh2 b5 18. axb5 cxb5 19. d5 Bd7 20. Qa1 Qxa1 21. Rxa1 Rc8 22. Rxa7 b4 23. Na2 Rxc2 24. Nxb4 Rxb2 25. Nc6 Rc8 26. Nxe7+ Nxe7 27. Ng4 Bxg4 28. hxg4 Kf8 29. g5 hxg5 30. Bxg5 Rcc2 31. Ra8+ Ne8 32. Be3 f5 33. Bh3 g6 34. Rf1 Kf7 35. Bg5 Nf6 36. exf5 gxf5 37. Ra7 Kg6 38. Rxe7 Kxg5 39. f4+ exf4 40. gxf4+ Kh4 41. Rf3 Rc1+ 42. Rf1 Rxf1+ 43. Bxf1 Nxd5 44. Rd7 Rb6 45. Rh7+ Kg3 46. Rg7+ Kxf4 47. Bg2 Ne3 48. Ba8 d5 49. Kf2 d4 50. Rd7 Rb2+ 51. Ke1 Kg5 0-1


[Site "https://www.chess.com"]

[Event "Titled Tuesday Blitz March 29 Early 2022"]
[White "Hoffmann, Asa"]
[Black "Borodavkin, Anatoly"]
[WhiteFideId "2001470"]
[BlackFideId "14150662"]
[WhiteElo "2117"]
[BlackElo "1845"]
[Result "1-0"]
[Round "05"]
[TimeControl "180+1"]
[Date "2022.03.30"]
[WhiteClock "0:01:32"]
[BlackClock "0:00:14"]

1. d4 d5 2. Bg5 h6 3. Bh4 Nf6 4. Nd2 Bf5 5. e3 Nbd7 6. c4 c6 7. Qb3 Qc8 8. Rc1 dxc4 9. Bxc4 e6 10. f3 Be7 11. e4 Bg6 12. Ne2 O-O 13. Nf4 Bh7 14. O-O g5 15. Nxe6 fxe6 16. Bxe6+ Kg7 17. Bg3 Qe8 18. Qxb7 Rb8 19. Bxb8 Nxb8 20. d5 cxd5 21. exd5 Kh8 22. Qxa7 Nbd7 23. Qd4 Nc5 24. Rxc5 Bxc5 25. Qxc5 Bd3 26. Re1 Qb8 27. b3 Kh7 28. d6 Bg6 29. Qc7+ Qxc7 30. dxc7 1-0


[Site "https://www.chess.com"]

[Event "Titled Tuesday Blitz March 29 Early 2022"]
[White "Hua, Lefong"]
[Black "Costachi, Mihnea"]
[WhiteFideId "2602253"]
[BlackFideId "1217518"]
[WhiteElo "2580"]
[BlackElo "2464"]
[Result "1/2-1/2"]
[Round "05"]
[TimeControl "180+1"]
[Date "2022.03.29"]
[WhiteClock "0:00:15"]
[BlackClock "0:00:37"]

1. d4 Nf6 2. c4 e6 3. Nc3 Bb4 4. f3 d5 5. a3 Bxc3+ 6. bxc3 c5 7. cxd5 Nxd5 8. dxc5 Qa5 9. e4 Nf6 10. Be3 O-O 11. Qb3 Na6 12. Bb5 Bd7 13. Bxa6 bxa6 14. Ne2 Rab8 15. Qc2 Ba4 16. Qc1 Nd7 17. O-O Nxc5 18. Rb1 Nb3 19. Qe1 Rb7 20. Nd4 Rfb8 21. Nxb3 Bxb3 22. Qf2 Qxa3 23. Bxa7 Rc8 24. Bd4 f6 25. e5 f5 26. Ra1 Qe7 27. Rfb1 Bc4 28. Qc2 h6 29. Qa4 Rxb1+ 30. Rxb1 Bb5 31. Qb4 Qc7 32. Qd6 Qc4 33. h4 Qd3 34. Ra1 Qc4 35. Kh2 Qc6 36. Qxc6 Rxc6 37. Kg3 g5 38. hxg5 hxg5 39. f4 g4 40. Kh4 Kg7 41. Kg5 g3 42. Kh4 Bc4 43. Kxg3 Bd5 44. Kf2 Kg6 45. Rb1 a5 46. Rb6 Rc4 47. Ra6 Ra4 48. g3 Ra2+ 49. Ke3 a4 50. Ra7 Ra1 51. Kd3 a3 52. c4 Rd1+ 53. Ke2 Rxd4 54. cxd5 Rxd5 55. Rxa3 Kh5 56. Kf3 Rb5 57. Ra6 Rb3+ 58. Kf2 Kg4 59. Rxe6 Rf3+ 60. Ke2 Kxg3 61. Rg6+ Kxf4 62. e6 Re3+ 63. Kf2 Ra3 64. e7 Re3 65. Rg7 Re6 66. Rf7 Ke4 67. Ke2 f4 68. Kf2 Re5 69. Rg7 Kf5 70. Rf7+ Kg6 71. Rxf4 Rxe7 72. Kf3 Rf7 73. Rxf7 Kxf7 1/2-1/2


[Site "https://www.chess.com"]

[Event "Titled Tuesday Blitz March 29 Early 2022"]
[White "Iskusnyh, Sergei"]
[Black "Muradov, Soltan"]
[WhiteFideId "4120027"]
[BlackFideId "14002108"]
[WhiteElo "2492"]
[BlackElo "1854"]
[Result "0-1"]
[Round "05"]
[TimeControl "180+1"]
[Date "2022.03.30"]
[WhiteClock "0:00:02"]
[BlackClock "0:00:20"]

1. d4 Nf6 2. c4 e6 3. g3 d5 4. Bg2 Be7 5. Nf3 O-O 6. Qc2 a6 7. Nbd2 dxc4 8. Nxc4 b5 9. Nce5 Bb7 10. O-O c5 11. dxc5 Qc7 12. Nd3 Be4 13. Bf4 Qb7 14. b4 Nc6 15. a3 h6 16. Qb2 Nd5 17. Rad1 a5 18. Nfe1 Bxg2 19. Nxg2 Bf6 20. Qb3 axb4 21. axb4 Ra4 22. Bd6 Rfa8 23. e4 Ra3 24. Qc2 Ra2 25. Qc1 Nc3 26. Rd2 Ra1 27. Qxa1 Rxa1 28. Rxa1 Nxe4 29. Rda2 Bxa1 30. Rxa1 Nxd6 31. cxd6 Qd7 32. Nc5 Qxd6 33. Ne3 Nxb4 34. Ne4 Qe5 35. Ra8+ Kh7 36. Nd2 Nd5 37. Ndf1 b4 38. Ra7 Kg8 39. Rb7 Qc3 40. Nxd5 exd5 41. Ne3 d4 42. Nd5 Qc1+ 43. Kg2 Qc6 0-1


[Site "https://www.chess.com"]

[Event "Titled Tuesday Blitz March 29 Early 2022"]
[White "Janaszak, Dawid"]
[Black "Murzin, Volodar"]
[WhiteFideId "1119206"]
[BlackFideId "44155573"]
[WhiteElo "2562"]
[BlackElo "2745"]
[Result "0-1"]
[Round "05"]
[TimeControl "180+1"]
[Date "2022.03.30"]
[WhiteClock "0:00:48"]
[BlackClock "0:00:51"]

1. e4 c5 2. Nc3 Nc6 3. Bb5 d6 4. Bxc6+ bxc6 5. f4 g6 6. Nf3 Bg7 7. O-O Nf6 8. Qe1 O-O 9. d3 Bg4 10. Qh4 Bxf3 11. Rxf3 Qb6 12. f5 c4+ 13. Kh1 cxd3 14. cxd3 e6 15. Bh6 Qxb2 16. Raf1 Qxc3 17. e5 Qxe5 18. Rh3 exf5 19. Bf4 Qe2 20. Re1 Qb2 21. Bg5 h5 22. d4 Ne4 23. Be3 Rfe8 24. Rg1 Bxd4 0-1


[Site "https://www.chess.com"]

[Event "Titled Tuesday Blitz March 29 Early 2022"]
[White "Jaskolka, Tomasz"]
[Black "Papasimakopoulos, Alexandros"]
[WhiteFideId "1170791"]
[BlackFideId "4244125"]
[WhiteElo "2433"]
[BlackElo "2699"]
[Result "0-1"]
[Round "05"]
[TimeControl "180+1"]
[Date "2022.03.30"]
[WhiteClock "0:00:03"]
[BlackClock "0:00:22"]

1. d4 e6 2. Bf4 c5 3. e3 Qb6 4. Nc3 cxd4 5. exd4 a6 6. Na4 Qa5+ 7. c3 b5 8. Nc5 d6 9. Nb3 Qb6 10. Bd3 Nf6 11. Nf3 Bb7 12. Qe2 Be7 13. O-O Nbd7 14. a4 bxa4 15. Nbd2 Bc6 16. Nc4 Qc7 17. Rfe1 O-O 18. Bc2 Bb5 19. Bd3 Nh5 20. Bd2 Nhf6 21. h3 Nd5 22. g3 Rfc8 23. Ne3 Nxe3 24. Qxe3 Nf6 25. Ng5 Bxd3 26. Qxd3 h6 27. Nf3 Qc6 28. Nh4 Rab8 29. Reb1 Nd5 30. Ng2 Nb6 31. Nf4 Bg5 32. h4 Bxf4 33. Bxf4 Nc4 34. Qc2 Rb3 35. Ra2 Rcb8 36. Bc1 a3 37. Qe2 a5 38. Qg4 Kf8 39. Qh5 R8b5 40. Qg4 a4 41. Bf4 axb2 42. h5 Rxc3 43. Qh4 Rb8 44. Raxb2 Nxb2 45. Rxb2 Rcb3 46. Rd2 Rb1+ 47. Kh2 Qh1# 0-1


[Site "https://www.chess.com"]

[Event "Titled Tuesday Blitz March 29 Early 2022"]
[White "Jumabayev, Rinat"]
[Black "Hakobyan, Aram"]
[WhiteFideId "13702661"]
[BlackFideId "13306677"]
[WhiteElo "2561"]
[BlackElo "2557"]
[Result "0-1"]
[Round "05"]
[TimeControl "180+1"]
[Date "2022.03.29"]
[WhiteClock "0:00:02"]
[BlackClock "0:00:23"]

1. d4 Nf6 2. Nf3 e6 3. Bf4 d5 4. e3 c5 5. c3 Qb6 6. Qb3 Nc6 7. Nbd2 Be7 8. Ne5 O-O 9. Qxb6 axb6 10. Bb5 Nxe5 11. Bxe5 Ne8 12. O-O Nd6 13. Bd3 c4 14. Bc2 b5 15. a3 Bd7 16. e4 Bc6 17. f3 Nc8 18. Rfe1 Nb6 19. Kf2 Na4 20. Rab1 Rfd8 21. exd5 Bxd5 22. Ne4 f6 23. Bf4 Kf7 24. g4 h6 25. h4 g5 26. Bc7 Rd7 27. Bg3 f5 28. gxf5 exf5 29. Nxg5+ hxg5 30. Bxf5 Rad8 31. h5 Nb6 32. h6 Bf6 33. h7 Rh8 34. Bxd7 Nxd7 35. Rh1 g4 36. Rh5 Bxf3 37. Re1 Kg6 38. Rxb5 Rxh7 39. Re6 Kf7 40. Rd6 Ke7 41. Rf5 Bh4 42. d5 Bxg3+ 43. Kxg3 Kxd6 0-1


[Site "https://www.chess.com"]

[Event "Titled Tuesday Blitz March 29 Early 2022"]
[White "Kaminski, Victor"]
[Black "Chen, Qi b"]
[WhiteFideId "1131630"]
[BlackFideId "8614733"]
[WhiteElo "2181"]
[BlackElo "2432"]
[Result "0-1"]
[Round "05"]
[TimeControl "180+1"]
[Date "2022.03.30"]
[WhiteClock "0:00:05"]
[BlackClock "0:00:04"]

1. e4 c5 2. Nf3 Nc6 3. Bb5 g6 4. O-O Bg7 5. Re1 Nf6 6. e5 Nd5 7. Nc3 Nc7 8. Bxc6 dxc6 9. Ne4 b6 10. Nf6+ Kf8 11. Ne4 h6 12. d3 Be6 13. a4 a5 14. h3 Kg8 15. Bf4 Kh7 16. Qd2 Nd5 17. Bh2 Re8 18. b3 Qd7 19. Rad1 Rad8 20. d4 cxd4 21. Nxd4 Nc7 22. Nxe6 Qxd2 23. Rxd2 Nxe6 24. Red1 g5 25. Bg3 Kg6 26. f3 Kf5 27. Bf2 c5 28. g4+ Kg6 29. Bg3 Rxd2 30. Rxd2 Nf4 31. Bxf4 gxf4 32. Rd5 e6 33. Rd6 Rb8 34. Nd2 Bxe5 35. Rd7 b5 36. axb5 Rxb5 37. Nc4 Bd4+ 38. Kf1 a4 39. Nd6 axb3 40. cxb3 Rxb3 41. Nxf7 Rxf3+ 42. Kg2 Rg3+ 43. Kh2 Re3 44. h4 f3 45. h5+ Kf6 46. Nh8 Re2+ 47. Kg3 f2 48. Rf7+ Ke5 49. Ng6+ Kd6 50. Kg2 c4 51. g5 hxg5 52. h6 c3 53. h7 c2 54. Ne5 Bxe5 55. Rc7 Kxc7 56. h8=Q Bxh8 57. Kf3 c1=Q 58. Kg4 Qf4+ 59. Kh5 g4 60. Kg6 Qf6+ 61. Kh7 Re1 62. Kg8 Qg7# 0-1


[Site "https://www.chess.com"]

[Event "Titled Tuesday Blitz March 29 Early 2022"]
[White "Karavaeva, Olga"]
[Black "Estrada Nieto, Julian"]
[WhiteFideId "4124111"]
[BlackFideId "5101018"]
[WhiteElo "2105"]
[BlackElo "2246"]
[Result "1/2-1/2"]
[Round "05"]
[TimeControl "180+1"]
[Date "2022.03.30"]
[WhiteClock "0:00:20"]
[BlackClock "0:00:07"]

1. c4 e5 2. Nc3 Nf6 3. g3 d5 4. cxd5 Nxd5 5. Bg2 Nb6 6. Nf3 Nc6 7. O-O Be7 8. d3 O-O 9. b3 Re8 10. Be3 Bf8 11. Rc1 Bg4 12. h3 Bh5 13. Ne4 Nd4 14. g4 Bg6 15. Nc5 Bxc5 16. Rxc5 Qd6 17. Rc3 Nd5 18. Rc4 b5 19. Bxd4 bxc4 20. dxc4 Nf4 21. c5 Qd5 22. Be3 Qxd1 23. Rxd1 Nxg2 24. Kxg2 Re7 25. b4 Rb8 26. b5 Be4 27. a4 f6 28. Kg3 Bc2 29. Ra1 Ra8 30. a5 Kf7 31. Nd2 Rb8 32. b6 cxb6 33. cxb6 axb6 34. Bxb6 Reb7 35. Nc4 Ke6 36. a6 Rxb6 37. a7 Rb3+ 38. e3 Ra8 39. Ra6+ Ke7 40. Nb6 Rxb6 41. Rxb6 Rxa7 42. h4 h6 43. h5 Be4 44. Rb4 Bd5 45. Rb5 Bc6 46. Rb6 Bd7 47. Rb8 Ra4 48. f3 Ra3 49. Kf2 Ra2+ 50. Kg3 Rc2 51. Rb3 Kd6 52. Rd3+ Ke7 53. Ra3 Bc6 54. Ra7+ Bd7 55. Ra3 Ke6 56. Ra6+ Bc6 57. Ra7 Bd7 58. Ra6+ Ke7 59. Ra7 Rd2 60. Ra3 Rd6 61. Ra7 f5 62. gxf5 Kf6 63. e4 Kg5 64. Ra8 Kxh5 65. Rg8 Kg5 66. Rxg7+ Kf6 67. Rg6+ Ke7 68. Rg7+ Kf6 69. Rg6+ Ke7 70. Rg7+ Kf6 1/2-1/2


[Site "https://www.chess.com"]

[Event "Titled Tuesday Blitz March 29 Early 2022"]
[White "Karolczuk, Iwo"]
[Black "Babazada, Khazar"]
[WhiteFideId "21816972"]
[BlackFideId "13413554"]
[WhiteElo "2243"]
[BlackElo "2418"]
[Result "0-1"]
[Round "05"]
[TimeControl "180+1"]
[Date "2022.03.29"]
[WhiteClock "0:00:08"]
[BlackClock "0:00:23"]

1. e4 g6 2. d4 Bg7 3. Nc3 c6 4. Nf3 d5 5. h3 b5 6. exd5 b4 7. Ne4 cxd5 8. Ng3 Nf6 9. Bd3 O-O 10. O-O Nc6 11. Re1 e6 12. a3 Qb6 13. axb4 Nxd4 14. Nxd4 Qxd4 15. c3 Qb6 16. Be3 Qc7 17. Bc5 Re8 18. Qa4 e5 19. Bb5 Bd7 20. Bxd7 Nxd7 21. Bxa7 e4 22. Qa5 Qb7 23. Qa6 Qc7 24. Qa5 Qc4 25. Qa2 Qc8 26. Qxd5 Nf6 27. Qc5 Qd7 28. b5 Rec8 29. Qb6 Nd5 30. Qa6 e3 31. Nf1 exf2+ 32. Kxf2 Bf8 33. Kg1 Rxa7 34. Qc6 Rxc6 35. bxc6 Qxc6 36. Rxa7 Bc5+ 0-1


[Site "https://www.chess.com"]

[Event "Titled Tuesday Blitz March 29 Early 2022"]
[White "Kejzar, Petra"]
[Black "Kopylov, Alexander A."]
[WhiteFideId "14610213"]
[BlackFideId "4164857"]
[WhiteElo "2003"]
[BlackElo "2436"]
[Result "1-0"]
[Round "05"]
[TimeControl "180+1"]
[Date "2022.03.30"]
[WhiteClock "0:00:05"]
[BlackClock "0:00:09"]

1. e4 e5 2. Nf3 Nc6 3. Bb5 a6 4. Ba4 Nf6 5. O-O b5 6. Bb3 Be7 7. a4 Rb8 8. axb5 axb5 9. c3 d6 10. h4 O-O 11. d3 Bg4 12. Re1 Nh5 13. Bg5 Bxg5 14. hxg5 Nf4 15. Na3 Ne7 16. Nc2 Neg6 17. Ne3 Bxf3 18. Qxf3 Qxg5 19. Nf5 Nh4 20. Nxh4 Qxh4 21. g3 Qg5 22. Ra7 c5 23. Rd7 Rb6 24. Ra1 Rc6 25. Rxf7 c4 26. Rxf8+ Kxf8 27. dxc4 bxc4 28. Ba4 Ra6 29. Kf1 d5 30. gxf4 exf4 31. exd5 Qe5 32. Qe2 Qb8 33. Qxc4 Rh6 34. Qe4 Kg8 35. b4 Qf8 36. Bb3 Kh8 37. d6 Rxd6 38. Ra8 Rd8 39. Rxd8 Qxd8 40. f3 Qa8 41. Kf2 Qa6 42. Qe8# 1-0


[Site "https://www.chess.com"]

[Event "Titled Tuesday Blitz March 29 Early 2022"]
[White "Khamzin, Olzhas"]
[Black "Heinemann, Josefine"]
[WhiteFideId "13701690"]
[BlackFideId "12900460"]
[WhiteElo "2194"]
[BlackElo "2300"]
[Result "0-1"]
[Round "05"]
[TimeControl "180+1"]
[Date "2022.03.30"]
[WhiteClock "0:00:20"]
[BlackClock "0:00:18"]

1. d4 d5 2. Nc3 Nf6 3. Bg5 Nbd7 4. e3 e6 5. Qf3 Be7 6. g4 a6 7. h4 c5 8. Nge2 b5 9. Bxf6 Nxf6 10. g5 Nd7 11. Nf4 Bb7 12. O-O-O b4 13. Nce2 Qa5 14. Kb1 c4 15. Nc1 Rb8 16. Bh3 Nb6 17. Nh5 Bf8 18. Qf4 Rc8 19. Qe5 Na4 20. Nxg7+ Bxg7 21. Qxg7 Rf8 22. Bxe6 Nc3+ 23. bxc3 bxc3 24. Ka1 Qa3 25. Nd3 cxd3 26. Rb1 dxc2 27. Bd7+ Kxd7 28. Rxb7+ Kc6 29. Qf6+ Kxb7 30. Qe7+ Qxe7 31. Rc1 Qa3 32. Rxc2 Ka8 33. Rb2 Qxb2# 0-1


[Site "https://www.chess.com"]

[Event "Titled Tuesday Blitz March 29 Early 2022"]
[White "Kostina, Nadezhda"]
[Black "Gu, Xiaobing"]
[WhiteFideId "4195876"]
[BlackFideId "8602611"]
[WhiteElo "1982"]
[BlackElo "2174"]
[Result "0-1"]
[Round "05"]
[TimeControl "180+1"]
[Date "2022.03.30"]
[WhiteClock "0:00:15"]
[BlackClock "0:00:34"]

1. e4 c5 2. Nf3 d6 3. d4 cxd4 4. Nxd4 Nf6 5. Nc3 a6 6. Be3 e5 7. Nb3 Be7 8. f3 Be6 9. Qd2 h5 10. O-O-O Nbd7 11. Kb1 Rc8 12. g3 Qc7 13. h3 b5 14. f4 b4 15. Nd5 Bxd5 16. exd5 Ne4 17. Qg2 Nxg3 18. Rg1 h4 19. Bxa6 Ra8 20. Bb5 O-O 21. f5 Nxf5 22. Bh6 Ng3 23. Bd3 gxh6 24. Bf5 Kh8 25. Qf3 Bg5 26. Qg4 Nf6 27. Qf3 Qa7 28. Rxg3 Qxa2# 0-1


[Site "https://www.chess.com"]

[Event "Titled Tuesday Blitz March 29 Early 2022"]
[White "Khripachenko, Alexander"]
[Black "Kostiukov, Alexandr"]
[WhiteFideId "54184975"]
[BlackFideId "14108100"]
[WhiteElo "2177"]
[BlackElo "2202"]
[Result "1-0"]
[Round "05"]
[TimeControl "180+1"]
[Date "2022.03.30"]
[WhiteClock "0:01:02"]
[BlackClock "0:00:01"]

1. e4 c5 2. Nf3 g6 3. d4 cxd4 4. Nxd4 Bg7 5. c4 Nc6 6. Be3 Nf6 7. Nc3 O-O 8. Be2 Nxd4 9. Bxd4 Qa5 10. O-O d6 11. f3 Be6 12. Qd2 Rfc8 13. b3 b5 14. b4 Qxb4 15. Rab1 Qa5 16. Rxb5 Qd8 17. Nd5 Nd7 18. Rfb1 Bxd4+ 19. Qxd4 Nc5 20. h4 Bxd5 21. cxd5 Rab8 22. h5 Rxb5 23. Rxb5 e5 24. dxe6 Nxe6 25. Qe3 Rc5 26. hxg6 hxg6 27. Rxc5 dxc5 28. Bc4 Qd4 29. Qxd4 Nxd4 30. Kf2 Kg7 31. Ke3 g5 32. Bd5 Kg6 33. Kd3 Kf6 34. Kc4 Ne2 35. Kxc5 Nf4 36. g3 Ne2 37. g4 Ke5 38. Bxf7 Nd4 39. Be8 Nxf3 40. a4 Nd4 41. a5 1-0


[Site "https://www.chess.com"]

[Event "Titled Tuesday Blitz March 29 Early 2022"]
[White "Khumalo, Keith"]
[Black "Priasmoro, Novendra"]
[WhiteFideId "14319470"]
[BlackFideId "7105029"]
[WhiteElo "2572"]
[BlackElo "2767"]
[Result "1-0"]
[Round "05"]
[TimeControl "180+1"]
[Date "2022.03.30"]
[WhiteClock "0:02:43"]
[BlackClock "0:02:02"]

1. e4 Nc6 2. d4 d5 3. exd5 Qxd5 4. Ne2 Bg4 5. f3 Bf5 6. Nbc3 Qd7 7. d5 Ne5 8. Nd4 Bg6 9. Bf4 f6 10. Bxe5 fxe5 11. Bb5 1-0


[Site "https://www.chess.com"]

[Event "Titled Tuesday Blitz March 29 Early 2022"]
[White "Kiltti, Jyrki"]
[Black "Silva, Mariana Sofia T."]
[WhiteFideId "501204"]
[BlackFideId "1911899"]
[WhiteElo "2245"]
[BlackElo "1825"]
[Result "1-0"]
[Round "05"]
[TimeControl "180+1"]
[Date "2022.03.30"]
[WhiteClock "0:00:49"]
[BlackClock "0:00:10"]

1. Nc3 d5 2. f4 c5 3. Nf3 Nc6 4. d3 Nf6 5. e4 dxe4 6. Nxe4 Nxe4 7. dxe4 Qxd1+ 8. Kxd1 Bg4 9. c3 O-O-O+ 10. Kc2 e6 11. Be3 Be7 12. Bb5 Bxf3 13. gxf3 Nb8 14. Rhg1 g6 15. a4 Nd7 16. a5 a6 17. Ba4 Nf6 18. Rg5 h6 19. Bxc5 hxg5 20. Bxe7 Rxh2+ 21. Kb3 Rdd2 22. Bxf6 Rxb2+ 23. Ka3 gxf4 24. Be5 g5 25. Bf6 Rbf2 26. Rd1 Ra2+ 27. Kb4 Rhb2+ 28. Bb3 Kc7 29. Bxg5 f5 30. Bxf4+ Kc6 31. Rd6+ Kc7 32. Rxe6+ Kd7 33. exf5 Ra1 34. Rd6+ Ke7 35. f6+ Kf8 36. Rd8# 1-0


[Site "https://www.chess.com"]

[Event "Titled Tuesday Blitz March 29 Early 2022"]
[White "Kosteniuk, Alexandra"]
[Black "Derjabin, Ilja"]
[WhiteFideId "4128125"]
[BlackFideId "14104768"]
[WhiteElo "2755"]
[BlackElo "2551"]
[Result "0-1"]
[Round "05"]
[TimeControl "180+1"]
[Date "2022.03.30"]
[WhiteClock "0:00:04"]
[BlackClock "0:00:10"]

1. e4 e6 2. d4 d5 3. Nc3 Nf6 4. Bg5 Be7 5. e5 Ne4 6. Nxe4 dxe4 7. Bxe7 Qxe7 8. Qd2 c5 9. f4 Nc6 10. d5 exd5 11. Qxd5 Nd4 12. Qc4 O-O 13. Ne2 Be6 14. Qc3 Qh4+ 15. g3 Qh5 16. Qxc5 Nf3+ 17. Kf2 Rac8 18. Qe3 Nxh2 19. Qxe4 Rxc2 20. Kg2 Bh3+ 21. Kg1 Bxf1 22. Rxh2 Qxh2+ 23. Kxh2 Rxe2+ 24. Qxe2 Bxe2 25. Rc1 Bf3 26. Rc7 Bc6 27. f5 Rd8 28. e6 fxe6 29. fxe6 Re8 30. e7 Kf7 31. b4 Rxe7 32. Rc8 Re8 33. Rc7+ Kf6 34. b5 Bd5 35. Rd7 Be6 36. Rxb7 Rc8 37. Rxa7 Rc2+ 38. Kg1 Rxa2 39. Rc7 Rb2 40. Rc5 Ke7 41. Rg5 g6 42. Rc5 Bd7 0-1


[Site "https://www.chess.com"]

[Event "Titled Tuesday Blitz March 29 Early 2022"]
[White "Kouskoutis, Georgios-Alexandros"]
[Black "Vasquez Schroeder, Rodrigo"]
[WhiteFideId "4234049"]
[BlackFideId "3400042"]
[WhiteElo "2511"]
[BlackElo "2898"]
[Result "0-1"]
[Round "05"]
[TimeControl "180+1"]
[Date "2022.03.30"]
[WhiteClock "0:00:01"]
[BlackClock "0:00:59"]

1. e4 c5 2. Nf3 d6 3. Bb5+ Nc6 4. O-O Bd7 5. Re1 Nf6 6. d3 a6 7. Bxc6 Bxc6 8. c4 e6 9. b3 b6 10. Bb2 Be7 11. Nc3 O-O 12. d4 cxd4 13. Nxd4 Bb7 14. Qe2 Qc7 15. Rad1 Rac8 16. h3 Rfd8 17. f4 Nd7 18. f5 Nf8 19. Qg4 e5 20. Nde2 Nd7 21. Ng3 Nf6 22. Qf3 g6 23. Bc1 b5 24. Nd5 Bxd5 25. cxd5 Qc3 26. Rf1 Qxf3 27. Rxf3 Kg7 28. Rdf1 Rf8 29. Ba3 a5 30. R3f2 b4 31. Bc1 h6 32. fxg6 fxg6 33. Be3 Rc3 34. Rf3 Rc2 35. R1f2 Rfc8 36. Kh2 Rxf2 37. Rxf2 Nd7 38. Re2 Rc3 39. Nf1 Nf6 40. Bf2 Kf7 41. Bb6 a4 42. bxa4 Ra3 43. a5 Ke8 44. g4 Kd7 45. Kg2 Bd8 46. Be3 Nxe4 47. Bxh6 Nc3 48. Rb2 Nxd5 49. Bd2 Bxa5 50. Kf2 Nc3 51. Bxc3 bxc3 52. Rc2 d5 53. Ke3 e4 54. Kd4 Kd6 55. h4 Bb6# 0-1


[Site "https://www.chess.com"]

[Event "Titled Tuesday Blitz March 29 Early 2022"]
[White "Kozlov, Gennady"]
[Black "Kucuksari, Kaan"]
[WhiteFideId "4191668"]
[BlackFideId "6380166"]
[WhiteElo "2392"]
[BlackElo "2305"]
[Result "0-1"]
[Round "05"]
[TimeControl "180+1"]
[Date "2022.03.29"]
[WhiteClock "0:00:38"]
[BlackClock "0:01:49"]

1. d4 d5 2. c4 c6 3. Nc3 Nf6 4. Nf3 e6 5. Bg5 Nbd7 6. e3 Be7 7. Bd3 h6 8. Bh4 O-O 9. O-O dxc4 10. Bxc4 Nd5 11. Bxe7 Qxe7 12. Nxd5 exd5 13. Bd3 Nf6 14. Ne5 c5 15. Qc2 c4 16. Bf5 Bxf5 17. Qxf5 Rac8 18. Rac1 Qe6 19. Qf4 b5 20. a3 a5 21. g4 Ne4 22. Rfd1 c3 23. bxc3 Nxc3 24. Rxc3 Rxc3 25. Rb1 b4 26. axb4 a4 27. b5 Rb3 28. Ra1 a3 29. b6 Qxb6 30. Nd7 Rb1+ 31. Kg2 Rxa1 32. Nxb6 a2 33. Nxd5 Rb1 34. Ne7+ Kh8 35. g5 a1=Q 36. gxh6 Rg1+ 37. Kh3 Qf1+ 38. Kh4 g5+ 0-1


[Site "https://www.chess.com"]

[Event "Titled Tuesday Blitz March 29 Early 2022"]
[White "Krysa, Leandro"]
[Black "Jarocka, Liwia"]
[WhiteFideId "116807"]
[BlackFideId "21807558"]
[WhiteElo "2490"]
[BlackElo "1896"]
[Result "1-0"]
[Round "05"]
[TimeControl "180+1"]
[Date "2022.03.30"]
[WhiteClock "0:01:03"]
[BlackClock "0:00:31"]

1. e4 c5 2. Nf3 d6 3. d4 cxd4 4. Nxd4 Nf6 5. Nc3 a6 6. Rg1 e5 7. Nb3 Be7 8. g4 Be6 9. g5 Nfd7 10. h4 Nc6 11. Be3 Nc5 12. Nxc5 dxc5 13. Nd5 Rc8 14. c3 b5 15. Qd2 Bxd5 16. exd5 Nb8 17. O-O-O Bd6 18. Bh3 Rc7 19. h5 Nd7 20. Bf5 g6 21. Be4 Nb6 22. hxg6 hxg6 23. Rh1 Rg8 24. Rh7 Nc4 25. Qe2 Be7 26. d6 Bxd6 27. Qf3 Qe7 28. Bd5 Nxe3 29. Bxf7+ Qxf7 30. Rxf7 Nxd1 31. Rxc7 Bxc7 32. Qc6+ Kd8 33. Qd5+ 1-0


[Site "https://www.chess.com"]

[Event "Titled Tuesday Blitz March 29 Early 2022"]
[White "Lakshmi C"]
[Black "Cramling Bellon, Anna"]
[WhiteFideId "25035347"]
[BlackFideId "32009232"]
[WhiteElo "1775"]
[BlackElo "1905"]
[Result "0-1"]
[Round "05"]
[TimeControl "180+1"]
[Date "2022.03.30"]
[WhiteClock "0:00:06"]
[BlackClock "0:00:24"]

1. e4 c5 2. Nf3 e6 3. d4 cxd4 4. Nxd4 Nc6 5. Nc3 a6 6. Be3 Qc7 7. Be2 Bb4 8. O-O Nf6 9. f3 O-O 10. Nb1 d5 11. c3 Bc5 12. exd5 Nxd5 13. Bf2 Nf4 14. Nxc6 Qxc6 15. g3 Nh3+ 16. Kg2 Nxf2 17. Rxf2 Bxf2 18. Kxf2 b5 19. Kg2 Bb7 20. Qb3 Rfd8 21. a4 Rd3 22. axb5 axb5 23. Rxa8+ Bxa8 24. Na3 Rxf3 25. Bxb5 Qe4 26. Bc6 Qe2+ 27. Kh3 Qf1+ 28. Kh4 g5+ 29. Kg4 Bxc6 30. Qb8+ Kg7 31. Qd8 h6 32. Qd4+ Rf6 0-1


[Site "https://www.chess.com"]